 Dungeon Crawl Stone Soup version 0.16-a0-1377-g5fe55b6 (webtiles) character file.

81 Psiweapon the Insei (level 4, 0/21 HPs)
             Began as a Vine Stalker Transmuter on Oct 20, 2014.
             Slain by an adder (1 damage)
             ... on level 2 of the Dungeon.
             The game lasted 00:06:27 (1287 turns).

Psiweapon the Insei (Vine Stalker Transmuter)       Turns: 1287, Time: 00:06:27

Health: 0/21       AC:  5    Str: 13    XL:     4   Next: 42%
Magic:  0/11       EV: 12    Int: 14    God:
Gold:   103        SH:  0    Dex: 14    Spells: 1 memorised, 9 levels left

rFire  + . .     SeeInvis .     n - +1 dagger (drain)
rCold  + . .     Clarity  .     c - +0 robe
rNeg   . . .     SustAb   .     (no shield)
rPois  +         Gourm    .     (helmet restricted)
rElec  +         Spirit   +     (no cloak)
rCorr  +         Warding  .     (no gloves)
rMut   .         Stasis   .     k - +2 pair of boots
MR     .....                    (no amulet)
Stlth  +.........               (no ring)
                                (no ring)

@: lethally poisoned, appendage (expiring), resistant, not resistant to hostile
enchantments, very unstealthy
A: fangs 2, horns 2, regeneration 1, magic shield, antimagic bite, no device
heal 3, rot immunity
a: End Transformation


You were on level 2 of the Dungeon.
You were not hungry.
You had grown temporary horns.
You visited 1 branch of the dungeon, and saw 2 of its levels.

You collected 103 gold pieces.

Inventory:

Hand weapons
 n - a +1 dagger of draining (weapon)
 r - a +0 hunting sling
Missiles
 b - 76 arrows
 e - 15 poisoned needles
 l - 22 stones (quivered)
 x - 21 bolts
Armour
 c - a +0 robe (worn)
 k - a +2 pair of boots (worn)
Jewellery
 g - a cursed ring of loudness {unknown}
Magical devices
 t - a wand of fireball (4)
Scrolls
 f - a scroll of enchant armour {unknown}
 h - a scroll of enchant weapon {unknown}
 m - 2 scrolls of teleportation {unknown}
 w - a scroll of remove curse {unknown}
 y - a scroll of identify {unknown}
 B - a scroll of amnesia {unknown}
Potions
 v - a potion of curing {unknown}
Books
 d - a book of Changes

   Spells                             Type                      Level
   *Beastly Appendage                 Transmutation                1
   Sticks to Snakes                   Transmutation                2
   Spider Form                        Transmutation/Poison         3
   Ice Form                           Ice/Transmutation            4
   Blade Hands                        Transmutation                5
Comestibles
 a - 2 bread rations
 j - a beef jerky
 o - a rotting chunk of ball python flesh
 p - a slice of pizza
 q - a rotting chunk of rat flesh
 z - 3 chunks of hobgoblin flesh
 A - a chunk of giant newt flesh
 C - 2 chunks of worm flesh


   Skills:
 - Level 0.8 Fighting
 + Level 1.0 Short Blades
 - Level 1.5 Dodging
 + Level 3.8 Unarmed Combat
 * Level 3.6 Spellcasting
 - Level 2.0 Transmutations


You had 9 spell levels left.
You knew the following spells:

 Your Spells              Type           Power        Failure   Level  Hunger
a - Beastly Appendage     Trmt           #.....       12%         1    None


Dungeon Overview and Level Annotations

Branches:
Dungeon (2/15)

Altars:
Qazlal


Innate Abilities, Weirdness & Mutations

You have extremely sharp teeth.
Your natural rate of healing is unusually fast.
When hurt, damage is shared between your health and your magic reserves.
Your bite disrupts and absorbs the magic of your enemies.
Potions and wands cannot restore your health.
You are immune to rotting.
You have a pair of horns on your head.


Message History

The adder poisons you!
You feel sick.
The goblin wields an uncursed hunting sling.
The goblin shoots a stone.
The stone closely misses you. The worm bites you!
* * * LOW HITPOINT WARNING * * *
The goblin shoots a stone.
The stone hits you.
* * * LOW HITPOINT WARNING * * *
You see here a stone.
You feel sick. The adder bites you.
* * * LOW HITPOINT WARNING * * *
You are lethally poisoned!
The adder poisons you!
Drink which item? (? for menu, Esc to quit)
You feel protected.
It was a potion of resistance.
The adder barely misses you.
Drink which item? (? for menu, Esc to quit)
You feel refreshed.
It was a potion of restore abilities.
* * * LOW HITPOINT WARNING * * *
You feel sick. The adder bites you.
You die...

##...###....
#.....#... #.......
#.....# #...# .#
#(.####.#. #wg##...[#
. ######S.#....## # #
#....@........# ##. #
#.####........># #.# #
####....#### %.# #
#.......# #.# #
#.).#...### #.###
#...##.##..).#####.#..
#..##...##.#..........
#.##.....##...........
#.#.......########....


You could see a worm, an adder and a goblin.

Vanquished Creatures
  3 adders (D:2)
  2 worms (D:2)
  2 giant geckos (D:1)
  4 bats
  A giant cockroach (D:1)
  10 goblins
  6 hobgoblins
  9 kobolds
  A ball python (D:2)
  3 giant newts
  4 rats
45 creatures vanquished.

Notes
Turn   | Place    | Note
--------------------------------------------------------------
     0 | D:1      | Psiweapon, the Vine Stalker Transmuter, began the quest for the Orb.
     0 | D:1      | Reached XP level 1. HP: 9/9 MP: 3/3
   171 | D:1      | Reached XP level 2. HP: 10/14 MP: 2/6
   628 | D:1      | Reached XP level 3. HP: 17/17 MP: 7/7
   970 | D:2      | Reached XP level 4. HP: 21/21 MP: 10/10
  1162 | D:2      | Reached skill level 1 in Short Blades
  1215 | D:2      | Found a stormy altar of Qazlal.
  1285 | D:2      | HP: 1/21 [adder (2)]
  1287 | D:2      | Slain by an adder

Action                   |  1- 3 |  4- 6 || total
-------------------------+-------+-------++-------
Melee: Unarmed           |    35 |       ||    35
       Dagger            |    62 |    37 ||    99
 Fire: Hunting sling     |     2 |       ||     2
Throw: Stone             |    10 |       ||    10
 Cast: Beastly Appendage |    11 |     7 ||    18
  Use: Potion            |       |     2 ||     2
  Eat: Chunk             |       |     1 ||     1
